 Dungeon Crawl Stone Soup version 0.20.1-1-g8b1a95d (webtiles) character file.

113 AmayaElls the Ducker (level 4, 0/34 HPs)
             Began as a Merfolk Skald on Oct 24, 2017.
             Slain by a worm (6 damage)
             ... on level 3 of the Dungeon.
             The game lasted 00:38:08 (2352 turns).

AmayaElls the Ducker (Merfolk Skald)                Turns: 2352, Time: 00:38:09

Health: 0/34       AC:  5    Str:  8 (11) XL:     4   Next: 96%
Magic:  7/7        EV: 13    Int: 11 (13) God:
Gold:   128        SH:  0    Dex: 12 (13) Spells: 3/7 levels left

rFire    . . .     SeeInvis .   a - +0 falchion
rCold    . . .     Gourm    .   (no shield)
rNeg     . . .     Faith    .   o - +0 leather armour
rPois    +         Spirit   .   (no helmet)
rElec    .         Reflect  .   (no cloak)
rCorr    .         Harm     .   (no gloves)
MR       .....                  (no boots)
Stlth    +.........             g - amulet of magic regeneration
Regen    0.2/turn               d - +2 ring of protection
MPRegen  0.2/turn               k - ring of poison resistance

@: no status effects
A: change form in water, swift swim, stealthy swim
a: no special abilities


You were on level 3 of the Dungeon.
You were not hungry.

You visited 1 branch of the dungeon, and saw 3 of its levels.

You collected 128 gold pieces.

Inventory:

Hand Weapons
 a - a +0 falchion (weapon)
 m - a +0 blowgun
Missiles
 e - 41 sling bullets
 l - 33 poisoned needles
Armour
 b - a +0 leather armour
 o - a +0 leather armour (worn)
Jewellery
 d - a +2 ring of protection (left hand)
 f - an uncursed amulet of guardian spirit
 g - an amulet of magic regeneration (around neck)
 h - an uncursed ring of wizardry
 i - an uncursed amulet of the gourmand
 k - a ring of poison resistance (right hand)
Wands
 p - a wand of flame (27/48)
 s - a wand of enslavement (13/24)
Scrolls
 q - a scroll of identify
Potions
 j - a potion of degeneration
 r - a potion of flight
Books
 c - a book of Battle

   Spells                             Type                      Level
   a - Infusion                       Charms                       1
   b - Shroud of Golubria             Charms/Translocation         2
   c - Song of Slaying                Charms                       2
   d - Spectral Weapon                Hexes/Charms                 3
   e - Regeneration                   Charms/Necromancy            3
Comestibles
 n - 4 fruits


   Skills:
 + Level 2.8 Fighting
 * Level 3.7 Long Blades
 + Level 1.2 Armour
 * Level 3.7 Dodging
 - Level 0.2 Stealth
 + Level 2.1 Spellcasting
 + Level 3.5 Charms


You had 3 spell levels left.
You knew the following spells:

 Your Spells              Type           Power        Failure   Level  Hunger
a - Infusion              Chrm           #...         10%         1    ##.....
c - Spectral Weapon       Hex/Chrm       #.......     50%         3    ####...


Dungeon Overview and Level Annotations

Branches:
Dungeon (3/15)

Altars:
Trog
Xom


Message History

* * * LOW HITPOINT WARNING * * *
You barely miss the rat.
The rat is moderately wounded.
The rat bites you but does no damage.
You hit the rat but do no damage.
The rat is moderately wounded.
The rat closely misses you.
You hit the rat.
You kill the rat!
You hit the leopard gecko.
The leopard gecko is severely wounded.
The leopard gecko closely misses you.
You hit the leopard gecko.
You kill the leopard gecko!
You hit the worm.
The worm is moderately wounded.
You hit the worm.
The worm is severely wounded.
The worm bites you.
You die...

#.##.# #.# #.#
##.##.# #.# #.#
#..##.# #.###.#
### #.###.#
#...#...... #.#
#.#
#########!##.....
#.# #.#
#............# #.#
#.# #.#######.####
## #.# #.#
#?######...###...#
#.# #.#
#@w......#.......?
#.###.#####
#.#####....#......
#..>......# #.#
#.#.##.>....
......###.# ...
#.#.# #....
#..##.# #.# ....
#.#.# .l.. ...##.#
#.# .....# #.#.#
... ##.##.# #.#
#..#### #...# ..
#...#.# #.# ####
#.... ......# #.#
##_## #...#


You could see a worm.

Vanquished Creatures
  3 adders
  An ooze (D:1)
  3 worms (D:2)
  3 leopard geckos
  3 bat skeletons (D:2)
  5 giant cockroaches
  3 goblins (D:1)
  9 hobgoblins
  6 jackals (D:1)
  A quokka (D:2)
  A ball python (D:1)
  3 bats
  3 frilled lizards (D:2)
  2 jackal zombies (D:2)
  13 kobolds
  A leopard gecko skeleton (D:2)
  2 quokka zombies (D:2)
  3 rats
65 creatures vanquished.

Notes
Turn   | Place    | Note
-------+----------+-------------------------------------------
     0 | D:1      | AmayaElls the Merfolk Skald began the quest for the Orb.
     0 | D:1      | Reached XP level 1. HP: 16/16 MP: 3/3
   178 | D:1      | Reached XP level 2. HP: 20/22 MP: 5/5
   319 | D:1      | Learned a level 2 spell: Shroud of Golubria
   670 | D:1      | Reached XP level 3. HP: 24/28 MP: 6/6
   836 | D:1      | Reached skill level 1 in Armour
   971 | D:2      | Learned a level 3 spell: Spectral Weapon
  1296 | D:2      | Reached XP level 4. HP: 32/34 MP: 7/7
  1976 | D:3      | Found a shimmering altar of Xom.
  1976 | D:3      | Found a bloodstained altar of Trog.
  2352 | D:3      | Slain by a worm

Skill      XL: |  1  2  3 |
---------------+----------+-----
Dodging        | 3 |  3.7
Armour         | 1 |  1.2
Long Blades    | 3 |  3.7
Fighting       | |  2.8
Stealth        | |  0.2
Spellcasting   | |  2.1
Charms         | |  3.5

Action                   |  1- 3 |  4- 6 || total
-------------------------+-------+-------++-------
Melee: Falchion          |   156 |    77 ||   233
 Cast: Spectral Weapon   |     1 |       ||     1
  Use: Scroll            |     4 |     5 ||     9
       Potion            |     3 |     2 ||     5
  Eat: Bread ration      |     2 |       ||     2
       Chunk             |     1 |       ||     1
Armor: Leather armour    |    53 |    21 ||    74
Dodge: Dodged            |   110 |    82 ||   192
       Rpst.: Falchion   |    50 |    37 ||    87
